Map: Stranded Isles

Players

Subwaymaker - Winner!

  • Race: Protoss Protoss
  • League: Silver
  • Spawn Location: 3:00

Mesrob - Winner!

  • Race: Terran Terran
  • Spawn Location: 6:00

subwayengine - Winner!

  • Race: Terran Terran
  • Spawn Location: 6:00

gary

  • Race: Protoss Protoss
  • Spawn Location: 12:00

SumWukong

  • Race: Terran Terran
  • Spawn Location: 9:00

Shiny

  • Race: Protoss Protoss
  • Spawn Location: 12:00

VOD

Have the link to the VOD?

Description

Time

  • Played on: Jan. 9, 2019, 3:33 p.m.
  • Length: 8:43
Show
View Real Time Build Order
Export as new Build Order

Subwaymaker Protoss - Winner!

Build Orders:  

Get SALT Encoding   

  12  0:00  Probe  
  13  0:08  Probe  
  14  0:25  Pylon  
  14  0:27  Assimilator  
  14  0:30  Probe  
  15  0:49  Forge  
  15  0:52  Probe  
  16  1:00  Probe  
  16  1:08  Probe  
  17  1:16  Pylon  
  18  1:19  Probe  
  19  1:26  Photon Cannon  
  19  1:30  Photon Cannon  
  19  1:47  Gateway  
  19  1:48  Assimilator  
  19  1:51  Pylon  
  19  1:55  Probe  
  20  2:04  Probe  
  21  2:12  Probe  
  21  2:15  Photon Cannon  
  21  2:22  Probe  
  23  2:34  Pylon  
  23  2:39  Cybernetics Core  
  23  2:46  Photon Cannon  
  23  2:57  Photon Cannon  
  23  3:21  Nexus  
  23  3:27  Stalker  
  25  3:34  Warp Gate  
  25  3:52  Shield Battery  
  25  3:59  Shield Battery  
  25  4:04  Pylon  
  25  4:05  Probe  
  26  4:13  Probe  
  26  4:18  Sentry  
  26  4:21  Probe  
  30  4:33  Probe  
  31  4:39  Probe  
  31  4:45  Probe  
  33  4:47  Probe  
  34  4:56  Pylon, Probe  
  34  4:57  Probe  
  36  5:00  Pylon  
  36  5:08  Probe  
  36  5:09  Probe  
  38  5:18  Photon Cannon  
  38  5:20  Shield Battery, Probe  
  39  5:21  Probe  
  39  5:24  Gateway  
  40  5:32  Stargate x2  
  40  5:33  Probe  
  41  5:36  Probe  
  41  5:38  Assimilator  
  42  5:44  Assimilator, Probe  
  42  5:45  Protoss Air Weapons Level 1  
  42  5:46  Probe  
  42  5:49  Stalker  
  46  5:58  Probe  
  47  6:05  Cybernetics Core  
  47  6:12  Probe  
  48  6:21  Void Ray  
  48  6:22  Stargate  
  48  6:23  Void Ray  
  48  6:24  Probe  
  49  6:29  Stalker  
  59  6:36  Probe  
  60  6:48  Pylon  
  60  6:50  Pylon  
  60  6:53  Pylon  
  60  6:54  Photon Cannon  
  60  6:55  Photon Cannon  
  60  7:41  Void Ray x2  
  60  7:43  Stalker  
  62  7:44  Void Ray  
  70  8:12  Stalker  
  84  8:35  Nexus  
  84  8:38  Pylon  
  84  8:40  Pylon  
Show
View Real Time Build Order
Export as new Build Order

Mesrob Terran - Winner!

Build Orders:  

Get SALT Encoding   

  12  0:01  SCV  
  13  0:13  SCV  
  14  0:21  Supply Depot  
  14  0:28  SCV  
  15  0:42  SCV  
  16  0:44  Barracks  
  16  0:54  SCV  
  17  1:03  Refinery  
  17  1:06  SCV  
  18  1:14  Barracks  
  18  1:19  SCV  
  19  1:32  Orbital Command  
  19  1:40  Marine  
  20  1:52  Command Center  
  20  1:58  Marine  
  20  2:00  SCV  
  22  2:03  Marine  
  23  2:13  Barracks  
  23  2:22  Supply Depot  
  23  2:30  Barracks Tech Lab  
  23  2:37  Refinery  
  23  2:44  Marine, SCV  
  25  2:48  Marine, Supply Depot  
  26  2:56  SCV  
  27  3:04  SCV  
  28  3:08  Marine, SCV  
  30  3:13  Factory, Barracks Tech Lab  
  30  3:16  SCV  
  31  3:25  Supply Depot  
  31  3:26  SCV  
  32  3:28  SCV  
  32  3:29  Marine  
  34  3:38  SCV  
  36  3:42  Orbital Command  
  36  3:43  Barracks Reactor  
  36  3:47  Marine  
  36  3:50  Marine, SCV  
  38  4:02  Factory, SCV  
  39  4:05  Siege Tank  
  42  4:13  Supply Depot  
  42  4:14  SCV  
  42  4:16  SCV  
  44  4:21  Refinery  
  44  4:22  Marine  
  45  4:25  Marine  
  45  4:26  SCV  
  45  4:27  Marine  
  45  4:28  SCV  
  49  4:37  Engineering Bay  
  49  4:42  Marine  
  49  4:43  Supply Depot  
  49  4:45  Marine  
  50  4:47  Marine  
  50  4:50  Factory Tech Lab  
  52  4:58  Refinery, Siege Tank  
  55  5:20  Siege Tank  
  58  5:21  Marine x3  
  58  5:22  Marine  
  58  5:28  SCV x2  
  64  5:31  Siege Tank  
  67  5:40  SCV  
  68  6:28  Siege Tank x2  
  68  6:29  Marine x3  
  68  6:30  Marine  
  78  7:00  Marine  
  78  7:02  Marine x3  
  78  7:05  Siege Tank  
  75  7:17  Marine  
  75  7:20  Marine x2  
  78  7:28  Marine  
  77  7:35  Marine  
  72  7:38  Marine x2  
  73  7:46  Marine  
  73  7:48  Siege Tank  
  77  7:53  Marine  
  78  8:03  Command Center  
  78  8:16  Command Center  
  78  8:24  Factory  
Show
View Real Time Build Order
Export as new Build Order

subwayengine Terran - Winner!

Build Orders: 2 Factory 

Get SALT Encoding   

  12  0:27  Supply Depot  
  12  0:40  Refinery  
  12  0:42  SCV  
  13  0:54  SCV  
  14  0:59  Barracks  
  14  1:05  Refinery  
  14  1:06  SCV  
  15  1:18  SCV  
  16  1:30  SCV  
  17  1:35  Barracks  
  17  1:45  Supply Depot  
  17  2:07  Supply Depot, Engineering Bay  
  17  2:15  Orbital Command  
  17  2:25  Barracks Reactor  
  17  2:30  Barracks Tech Lab  
  17  2:32  Supply Depot  
  17  2:42  Factory  
  17  2:48  SCV  
  18  3:00  SCV  
  19  3:07  Factory  
  19  3:12  Terran Infantry Weapons Level 1, SCV  
  20  3:24  SCV  
  21  3:28  Factory Tech Lab  
  21  3:36  Marine, SCV  
  21  3:37  Refinery  
  23  3:49  SCV  
  23  3:54  Combat Shield  
  24  4:01  SCV  
  25  4:13  SCV  
  26  4:21  Marine x2  
  28  4:25  Infernal Pre-Igniter, SCV  
  28  4:28  Factory Reactor  
  29  4:37  SCV  
  30  4:39  Marine x2  
  32  4:49  SCV  
  33  4:57  Marine x2  
  35  5:01  SCV  
  35  5:06  Terran Infantry Armor Level 1  
  35  5:07  Marine  
  36  5:10  Hellion  
  36  5:13  Concussive Shells, SCV  
  40  5:14  Marine  
  40  5:15  Marine  
  42  5:24  Marine  
  42  5:25  SCV  
  44  5:32  Marine  
  44  5:33  Marine  
  46  5:38  Command Center  
  46  5:42  Marine  
  47  6:49  Marine x3  
  49  7:07  Marine  
  48  7:16  Marine  
  48  7:17  Marine  
  48  7:19  Hellion x3  
  56  7:25  Marine  
  57  7:34  Marine  
  57  7:35  Marine  
  59  7:40  Hellion  
  59  7:41  Hellion  
  59  7:43  Hellion  
  62  8:00  Marine  
  62  8:02  Marine  
  62  8:04  Supply Depot  
  62  8:12  Orbital Command  
  62  8:25  Marine, SCV  
  70  8:27  Supply Depot  
  70  8:28  Supply Depot  
Show
View Real Time Build Order
Export as new Build Order

gary Protoss 

Build Orders:  

Get SALT Encoding   

  12  0:04  Probe  
  13  0:12  Probe  
  13  0:21  Probe  
  15  0:38  Pylon  
  15  0:56  Probe  
  16  1:03  Gateway  
  16  1:08  Probe  
  17  1:15  Forge  
  17  1:29  Probe  
  17  1:32  Pylon  
  17  1:37  Probe  
  18  1:41  Assimilator  
  19  1:47  Assimilator, Probe  
  20  1:59  Probe  
  21  2:11  Probe  
  21  2:14  Photon Cannon  
  22  2:19  Zealot  
  24  2:37  Probe  
  24  2:40  Nexus  
  25  2:45  Probe  
  26  2:56  Zealot  
  28  3:04  Probe  
  29  3:17  Probe  
  30  3:23  Cybernetics Core  
  30  3:27  Probe  
  30  3:28  Pylon  
  31  3:42  Probe  
  31  3:46  Pylon, Zealot  
  34  3:50  Pylon  
  34  3:53  Probe  
  35  4:02  Photon Cannon  
  35  4:05  Probe  
  36  4:11  Gateway  
  36  4:17  Probe  
  36  4:18  Probe  
  38  4:26  Probe  
  38  4:28  Assimilator  
  39  4:33  Assimilator  
  39  4:35  Probe  
  39  4:36  Probe  
  40  4:44  Probe  
  41  4:47  Probe  
  41  4:49  Pylon  
  43  4:54  Probe  
  43  4:56  Pylon  
  45  5:00  Probe  
  45  5:06  Probe  
  46  5:16  Cybernetics Core  
  46  5:23  Pylon  
  46  5:36  Probe  
  46  5:39  Nexus  
  47  5:44  Probe  
  48  5:53  Probe  
  49  6:17  Stalker  
  51  6:28  Warp Gate  
  51  6:37  Photon Cannon  
  51  6:43  Photon Cannon  
  51  6:44  Adept  
  51  6:53  Photon Cannon  
  53  6:58  Photon Cannon  
  53  7:06  Gateway  
  51  7:14  Gateway  
  43  7:41  Photon Cannon  
Show
View Real Time Build Order
Export as new Build Order

SumWukong Terran 

Build Orders:  

Get SALT Encoding   

  12  0:06  SCV  
  13  0:18  Refinery, SCV  
  14  0:34  Supply Depot  
  14  0:43  SCV  
  15  1:02  Barracks  
  15  1:08  Supply Depot  
  15  1:10  SCV  
  16  1:22  SCV  
  17  1:26  Refinery  
  17  2:03  Factory  
  17  2:06  SCV  
Show
View Real Time Build Order
Export as new Build Order

Shiny Protoss 

Build Orders: Double Forge 

Get SALT Encoding   

  12  0:02  Probe  
  13  0:14  Probe  
  13  0:21  Pylon  
  14  0:35  Pylon  
  14  0:38  Probe  
  15  0:50  Probe  
  16  1:15  Probe  
  17  1:22  Pylon  
  17  1:28  Nexus  
  17  1:37  Pylon  
  17  1:41  Gateway  
  17  2:06  Probe  
  18  2:19  Probe  
  18  2:21  Gateway  
  19  2:31  Probe  
  20  2:41  Probe  
  21  2:51  Pylon  
  21  2:53  Probe  
  22  3:01  Assimilator, Probe  
  22  3:05  Probe  
  24  3:06  Assimilator  
  24  3:11  Zealot  
  26  3:13  Probe  
  26  3:17  Probe  
  28  3:25  Probe  
  29  3:29  Probe  
  30  3:37  Probe  
  30  3:38  Zealot  
  33  3:41  Probe  
  33  3:44  Pylon  
  33  3:48  Forge  
  34  3:49  Forge, Probe  
  34  3:52  Forge  
  34  3:53  Probe  
  36  4:01  Probe  
  37  4:05  Probe, Zealot  
  37  4:09  Protoss Ground Weapons Level 1  
  40  4:11  Protoss Ground Armor Level 1  
  40  4:12  Protoss Shields Level 1  
  40  4:18  Probe  
  41  4:30  Probe  
  42  4:32  Zealot  
  42  4:35  Photon Cannon  
  44  4:41  Photon Cannon  
  44  4:42  Probe  
  44  4:45  Photon Cannon  
  45  4:51  Pylon  
  47  5:00  Pylon, Zealot  
  47  5:06  Nexus  
  47  5:10  Pylon  
  47  5:13  Pylon  
  47  5:21  Pylon  
  47  5:29  Zealot  
  49  5:36  Probe  
  50  5:48  Probe  
  51  5:56  Zealot  
  53  6:00  Probe  
  53  6:03  Zealot  
  56  6:12  Probe  
  57  6:21  Probe  
  57  6:23  Zealot  
  57  6:24  Probe  
  61  6:28  Photon Cannon  
  61  6:30  Zealot, Photon Cannon  
  61  6:32  Photon Cannon  
  63  6:33  Probe  
  64  6:45  Probe  
  65  6:50  Zealot  
  63  6:57  Probe, Zealot  
  53  7:09  Probe  
  46  7:17  Zealot  
  48  7:24  Zealot  
  45  7:44  Zealot  
Tags
 
Add a new tag
Caveats
  • Supply blocks, unpowered buildings, or Contaminate may cause inaccurate times.
  • Supply counts are checked every 10 seconds.